Unix NetHack Version 3.7.0-101 Work-in-progress - last build Mar 4 2024 02:26:32 (3c4ac04b664b9ee0831c739617f054b5b60dbfd1,branch:master). Game began 2024-03-10 15:44:44, ended 2024-03-10 16:23:44. laycre, neutral female gnomish Cavewoman ---- .------ ---|..| ---- ......- -..--..| #|..-# |..|---- --- -.......|.`....-- #...###..--..---.-- .....%.........---- ##........^`......| ................|.-- --.#-.......---..| -...........--.....| -#----.|...| ---- |........---- ---..| --|... --@--...--- ---- --...| ..o.| -..| --. ---.....-- ..%.. |..| |<..|........- --- ......| ---- ----.|.........^...-..... |.-- ......-- ---...-- |................|...........-- --. -..| --.......----..--.........---|-...........-- -.| |..--.--....... --....- -.|.........| |.-----.- -------- --....|----.......-- |..^....| --....-- --......| |...----- --.......| |...(.-| --. |...--..-- --.....| --.- --- --.|.-- ----- Laycre the Aborigine St:18 Dx:15 Co:14 In:8 Wi:8 Ch:9 Neutral Dlvl:4 $:107 HP:0(36) Pw:21(21) AC:7 Xp:5/245 T:3536 Latest messages: The jackal bites! You kill the jackal! The large kobold hits! You kill the large kobold! D - a green gem (3 in total). S - 2 orange gems. T - a yellow gem. U - a lock pick. You miss the gecko. The gecko bites! You kill the gecko! You hit the iguana! The iguana bites! You hit the iguana! You kill the iguana! You see here an iguana corpse. Click! You trigger a rolling boulder trap! You are hit by a boulder! You hear rumbling in the distance. You hear crashing rock. With great effort you move the boulder. You hear crashing rock. The hill orc wields an orcish dagger! The orcish dagger welds itself to the hill orc's hand! The hill orc hits! You miss the hill orc. The hill orc thrusts his orcish dagger. The hill orc hits! The hill orc hits! You kill the hill orc! You kill the hill orc! V - a hexagonal wand. The hill orc thrusts his orcish dagger. The hill orc hits! You kill the hill orc! The hill orc picks up an orcish dagger. You hit the hill orc! The hill orc thrusts her orcish dagger. The hill orc hits! You miss the hill orc. The hill orc thrusts her orcish dagger. The hill orc hits! You miss the hill orc. The hill orc thrusts her orcish dagger. The hill orc hits! You hit the hill orc! The hill orc thrusts her orcish dagger. The hill orc hits! You die... Do you want your possessions identified? [ynq] (y) q Inventory: Coins ('$') $ - 107 gold pieces Weapons (')') b - an uncursed +2 sling (alternate weapon; not wielded) a - an uncursed +1 club (weapon in right hand) A - an uncursed +0 morning star Armor ('[') s - an uncursed +0 orcish helm (being worn) J - an uncursed +0 mummy wrapping z - an uncursed burnt +0 oilskin cloak (being worn) e - an uncursed +0 leather armor (being worn) Comestibles ('%') j - an uncursed cram ration o - 4 uncursed food rations O - 2 cursed food rations Scrolls ('?') i - an uncursed scroll of blank paper v - an uncursed scroll of identify n - 2 uncursed scrolls of light Potions ('!') P - an uncursed potion of healing t - a cursed potion of healing I - a blessed potion of speed m - 3 uncursed potions of water Wands ('/') H - a blessed wand of digging (0:7) R - an uncursed wand of fire (0:5) w - an uncursed wand of magic missile (0:3) V - an uncursed wand of striking (0:4) Tools ('(') U - an uncursed lock pick k - an uncursed skeleton key M - an uncursed towel Gems/Stones ('*') x - 2 uncursed garnet stones g - an uncursed jade stone D - 3 uncursed worthless pieces of green glass S - 2 uncursed worthless pieces of orange glass Q - an uncursed worthless piece of violet glass h - an uncursed worthless piece of white glass T - an uncursed worthless piece of yellow glass N - an uncursed worthless piece of yellowish brown glass c - 8 uncursed flint stones (in quiver pouch) Laycre the Cavewoman's attributes: Background: You were an Aborigine, a level 5 gnomish Cavewoman. You were neutral, on a mission for Ishtar who was opposed by Anu (lawful) and Anshar (chaotic). You started out male. You were right-handed. You were in the Gnomish Mines, on level 4. You entered the dungeon 3536 turns ago. There was a new moon in effect when your adventure ended. You had 245 experience points, 75 more were needed to attain level 6. Basics: You had 0 out of 36 hit points. You had all 21 energy points (spell power). Your armor class was 7. Your wallet contained 107 zorkmids. Autopickup was on for '$=/!?"' plus thrown, with exceptions. Final Characteristics: Your strength was 18 (peak:18/04, limit:18/50). Your dexterity was 15 (limit:18). Your constitution was 14 (limit:18). Your intelligence was 8 (limit:19). Your wisdom was 8 (peak:9, limit:18). Your charisma was 9 (limit:18). Final Status: You weren't hungry. You were unencumbered. You were wielding a club. You were skilled in club. Final Attributes: You were piously aligned. You had infravision. You were guarded. You were unlucky. Ishtar was angry with you. You are dead. Miscellaneous: You never encountered a bones level. Total elapsed playing time was 33 minutes and 11 seconds. Major events: Turn 1: laycre the neutral gnomish Caveman entered the dungeon 682: entered the Gnomish Mines 987: attained the rank of Aborigine (level 3) 3536: killed by a hill orc Vanquished creatures: a rock piercer a rock mole a kobold mummy an elf zombie a paper golem 2 giant ants a floating eye a kobold leader a kobold shaman 3 hill orcs a rabid rat a centipede a giant bat a werejackal 3 iguanas 2 acid blobs a gas spore a hobbit 3 large kobolds a hobgoblin 2 giant rats 2 cave spiders a green mold a gnome 3 gnome zombies 8 geckos a jackal a fox a kobold 4 goblins 3 sewer rats 3 grid bugs 6 lichens 5 newts 69 creatures vanquished. No species were genocided or became extinct. Voluntary challenges: You read items or engraved 6 times. You never engraved Elbereth. You never genocided any monsters. You never polymorphed an object. You never changed form. You used no wishes. Achievements: You entered a shop. You entered the Gnomish Mines. You attained the rank of Aborigine. The Dungeons of Doom: levels 1 to 6 Level 1: Some fountains. Level 2: A sink. Stairs down to The Gnomish Mines. Level 3: An altar to Ishtar. Level 4: Level 5: A fountain, some graves. Level 6: Some fountains. Oracle of Delphi. The Gnomish Mines: levels 3 to 4 Level 3: Level 4: <- You were here. Final resting place for you, killed by a hill orc. Game over: ---------- / \ / REST \ / IN \ / PEACE \ / \ | laycre | | 107 Au | | killed by a hill | | orc | | | | | | 2024 | *| * * * | * _________)/\\_//(\/(/\)/\//\/|_)_______ Goodbye laycre the Cavewoman... You died in The Gnomish Mines on dungeon level 4 with 1611 points, and 107 pieces of gold, after 3536 moves. You were level 5 with a maximum of 36 hit points when you died.